 Dungeon Crawl Stone Soup version 0.27.0-1-g7a089689b8 (webtiles) character file.

Game seed: 4628297032176118248

196 hasubaka the Ruffian (level 5, 0/53 HPs)
             Began as a Troll Berserker on Aug 12, 2021.
             Was a Believer of Trog.
             Slain by a gnoll (5 damage)
             ... on level 4 of the Dungeon.
             The game lasted 00:11:01 (1983 turns).

hasubaka the Ruffian (Troll Berserker)              Turns: 1983, Time: 00:11:02

Health: 0/53       AC:  4    Str: 26    XL:     5   Next: 46%
Magic:  4/4        EV: 10    Int:  3    God:    Trog [**....]
Gold:   125        SH:  0    Dex:  9    Spells: 4/4 levels left

rFire    . . .     SeeInvis .     - Unarmed
rCold    . . .     Faith    .   (no shield)
rNeg     . . .     Spirit   .   a - +0 animal skin
rPois    .         Reflect  .   (helmet restricted)
rElec    .         Harm     .   (no cloak)
rCorr    .         Rampage  .   (gloves unavailable)
Will     .....                  (boots unavailable)
Stlth    +.........             (no amulet)
HPRegen  1.17/turn              (no ring)
MPRegen  0.09/turn              (no ring)

@: on berserk cooldown, slowed, very slow
A: large, unfitting armour, claws 3, regeneration 1, shaggy fur 1, tough skin 1
a: Renounce Religion, Berserk, Trog's Hand


You were on level 4 of the Dungeon.
You worshipped Trog.
Trog was pleased with you.
You visited 2 branches of the dungeon, and saw 4 of its levels.

You collected 125 gold pieces.

Inventory:

Hand Weapons
 i - a +0 club
 l - a +0 morningstar
Missiles
 d - 57 stones (quivered)
 g - 36 arrows
 k - 14 poisoned darts
Armour
 a - a +0 animal skin (worn)
 c - a +0 leather armour
Scrolls
 b - a scroll of magic mapping {unknown}
 h - 3 scrolls of teleportation {unknown}
 o - a scroll of identify {unknown}
Potions
 e - a potion of haste {unknown}
 j - a potion of attraction {unknown}
 m - a potion of mutation {unknown}
 n - a potion of might {unknown}
 p - a potion of resistance {unknown}
 q - a potion of flight {unknown}


   Skills:
 + Level 3.1 Fighting
 + Level 3.6 Dodging
 + Level 0.3 Stealth
 + Level 4.4 Unarmed Combat


You had 4 spell levels left.
You didn't know any spells.
Your spell library was empty.

Dungeon Overview and Level Annotations

Branches:
Dungeon (4/15)             Temple (1/1) D:4

Altars:
Ashenzari
Cheibriados
Dithmenos
Elyvilon
Fedhas
Gozag
Hepliaklqana
Kikubaaqudgha
Makhleb
Nemelex Xobeh
Okawaru
Qazlal
Ru
Sif Muna
Trog
Uskayaw
Wu Jian
Xom
Yredelemnul
Zin
The Shining One


Innate Abilities, Weirdness & Mutations

You are too large for most types of armour.
You have claws for hands.
Your natural rate of healing is unusually fast.
You are covered in fur. (AC +1)
You have tough skin. (AC +1)


Message History

* * * LOW HITPOINT WARNING * * *
A red film seems to cover your vision as you go berserk!
You feel yourself moving faster!
You feel mighty! The gnoll barely misses you.
You closely miss the gnoll.
The gnoll is lightly wounded.
You closely miss the gnoll.
The gnoll is lightly wounded.
The gnoll hits you with a +0 halberd!
* * * LOW HITPOINT WARNING * * *
You scratch the gnoll.
The gnoll is heavily wounded.
You barely miss the gnoll.
The gnoll is heavily wounded.
The gnoll closely misses you.
You barely miss the gnoll.
The gnoll is heavily wounded.
You closely miss the gnoll.
The gnoll is heavily wounded.
The gnoll barely misses you.
You barely miss the gnoll.
The gnoll is heavily wounded.
The gnoll hits you with a +0 halberd.
* * * LOW HITPOINT WARNING * * *
You closely miss the gnoll.
The gnoll is heavily wounded.
The gnoll hits you from afar with a +0 halberd.
* * * LOW HITPOINT WARNING * * *
You feel a strong urge to attack something.
The gnoll hits you from afar with a +0 halberd!
* * * LOW HITPOINT WARNING * * *
You are too berserk!
You feel your anger nearly subside.
You are no longer berserk.
You are exhausted.
You feel yourself slow down.
It was a potion of curing.
You feel better.
You feel better.
The gnoll hits you from afar with a +0 halberd!
* * * LOW HITPOINT WARNING * * *
The gnoll hits you from afar with a +0 halberd.
You die...

#.# #........##
...## #.#
###.#.....###.....
#.#
#.#.............
#.#
#.#.............
#.#
#.#...........#
#.# #..........###
#.# #.............
#.# #..........###
#.# #@####).......
#†# #.# #.....###
#.######
#g####.....#
#...>..######
#.)...#.####
#............
#.......#
.............
##....###
..#.##.......
######
.............
)............


You could see a gnoll.

Vanquished Creatures
  An ogre (D:4)
  3 gnolls
  3 adders
  A worm (D:4)
  2 dart slugs
  An orc (D:2)
  5 ball pythons
  5 bats
  6 endoplasms
  2 giant cockroaches
  4 goblins
  4 hobgoblins
  3 quokkas
  2 frilled lizards (D:1)
  3 kobolds
  9 rats
54 creatures vanquished.

Vanquished Creatures (others)
  3 fungi (D:1)
  6 plants (D:1)
9 creatures vanquished.

Grand Total: 63 creatures vanquished

Notes
Turn   | Place    | Note
-------+----------+-------------------------------------------
     0 | D:1      | hasubaka the Troll Berserker began the quest for the Orb.
     0 | D:1      | Reached XP level 1. HP: 22/22 MP: 0/0
   235 | D:1      | Reached XP level 2. HP: 29/29 MP: 1/1
   611 | D:1      | Found a faded altar of an unknown god.
   632 | D:1      | Reached XP level 3. HP: 37/37 MP: 2/2
  1098 | D:2      | Reached ** piety under Trog
  1245 | D:2      | Reached XP level 4. HP: 45/45 MP: 3/3
  1400 | D:2      | You fall into a shaft and drop 2 floors!
  1510 | D:4      | Found a staircase to the Ecumenical Temple.
  1621 | Temple   | Entered the Ecumenical Temple
  1915 | D:4      | Noticed an ogre
  1922 | D:4      | Killed an ogre
  1923 | D:4      | Reached skill level 4 in Unarmed Combat
  1923 | D:4      | Reached XP level 5. HP: 24/53 MP: 4/4
  1979 | D:4      | HP: 1/79 [gnoll (11)]
  1983 | D:4      | Slain by a gnoll

Illustrated notes

Levels and vault maps discovered:
D:1:      dpeg_arrival_ternary, layout_loops_ring,
          shapermc_ecumenical_altar_mp_urbaneastern, dk_noncrumbling_4,
          grunt_decor_fettered, minmay_misc_feat_secret_circle
D:2:      layout_rooms
D:4:      layout_basic, nicolae_vehumet_radiance, temple_doors_cd,
          cheibrodos_sewer_entry_bend
Temple:   grunt_wide_crystal_templ

Skill      XL: |  1  2  3  4 |
---------------+-------------+-----
Fighting       | 3 |  3.1
Dodging        | 3 |  3.6
Unarmed Combat | 4 |  4.4
Stealth        | |  0.3

Action                   |  1- 3 |  4- 6 || total
-------------------------+-------+-------++-------
Melee: Unarmed           |   105 |    57 ||   162
       Punch             |     1 |     2 ||     3
Invok: Berserk           |     1 |     2 ||     3
  Use: Potion            |       |     2 ||     2
 Stab: Sleeping          |     1 |       ||     1
Armor: Animal skin       |    40 |    10 ||    50
Dodge: Dodged            |    72 |    22 ||    94
